 Dungeon Crawl Stone Soup version 0.20.0-15-g7f486f2 (webtiles) character file.

1612 McKennaii the Basher (level 8, -7/70 HPs)
             Began as a Minotaur Fighter on June 11, 2017.
             Mangled by Duvessa
             ... wielding a +1 rapier of electrocution
              (10 damage)
             ... on level 6 of the Dungeon.
             The game lasted 00:07:53 (4852 turns).

McKennaii the Basher (Minotaur Fighter)             Turns: 4852, Time: 00:07:54

Health: -7/70      AC: 13    Str: 26    XL:     8   Next: 63%
Magic:  7/7        EV:  6    Int: 10    God:
Gold:   259        SH: 17    Dex: 12    Spells: 7/7 levels left

rFire    . . .     SeeInvis .   a - +0 flail
rCold    . . .     Gourm    .   r - +0 large shield
rNeg     . . .     Faith    .   q - +0 chain mail
rPois    +         Spirit   .   p - +1 hat
rElec    .         Reflect  .   (no cloak)
rCorr    .         Harm     .   v - +1 pair of gloves
MR       .....                  (no boots)
Stlth    ..........             (no amulet)
Regen    0.3/turn               z - +5 ring of intelligence
MPRegen  0.1/turn               u - ring of poison resistance

@: mighty
A: retaliatory headbutt, horns 2
a: no special abilities


You were on level 6 of the Dungeon.
You were not hungry.

You visited 1 branch of the dungeon, and saw 6 of its levels.

You collected 259 gold pieces.

Inventory:

Hand Weapons
 a - a +0 flail (weapon)
Armour
 p - a +1 hat (worn)
 q - a +0 chain mail (worn)
 r - a +0 large shield (worn)
 v - a +1 pair of gloves (worn)
Jewellery
 l - an uncursed ring of see invisible
 m - an uncursed ring of flight
 n - an uncursed ring of stealth
 u - a ring of poison resistance (right hand)
 z - a +5 ring of intelligence (left hand)
Scrolls
 b - a scroll of amnesia
 e - a scroll of noise {unknown}
 i - a scroll of remove curse {unknown}
 j - 7 scrolls of identify
 k - a scroll of immolation {unknown}
 w - 4 scrolls of fear {unknown}
 x - 2 scrolls of blinking {unknown}
 y - 3 scrolls of random uselessness {unknown}
 A - a scroll of magic mapping {unknown}
 B - 3 scrolls of fog {unknown}
 C - a scroll of enchant weapon {unknown}
Potions
 d - a potion of might
 h - 2 potions of curing
 o - a potion of berserk rage {unknown}
 s - a potion of invisibility {unknown}
 t - a potion of haste
 D - a potion of agility {unknown}
Comestibles
 c - 2 meat rations
 f - 5 bread rations
 g - 6 royal jellies


   Skills:
 + Level 5.9 Fighting
 + Level 8.3 Maces & Flails
 + Level 6.3 Armour
 + Level 2.1 Dodging
 + Level 0.3 Stealth
 + Level 7.9 Shields
 + Level 0.3 Evocations


You had 7 spell levels left.
You didn't know any spells.

Dungeon Overview and Level Annotations

Branches:
Dungeon (6/15)
 Temple: D:4-7

Altars:
Makhleb
Zin
The Shining One

Annotations:
D:6 Duvessa


Innate Abilities, Weirdness & Mutations

You reflexively headbutt those who attack you in melee.
You have a pair of horns on your head.


Message History

Duvessa goes berserk!
Duvessa hits you but does no damage. You block the phantom's attack.
You block the iguana's attack.
You closely miss Duvessa. You headbutt Duvessa, but do no damage.
Duvessa hits you with a rapier of electrocution.
You are electrocuted!
* * * LOW HITPOINT WARNING * * *
You block the phantom's attack. The iguana barely misses you.
You furiously retaliate!
You headbutt the iguana!
Duvessa hits you with a rapier of electrocution!
* * * LOW HITPOINT WARNING * * *
You block the phantom's attack.
The iguana bites you but does no damage.
Okay, then.
Okay, then.
Okay, then.
You sock Duvessa!
Duvessa is moderately wounded.
You block Duvessa's attack.
Duvessa hits you with a rapier of electrocution!
You die...

#.........# #...
#.......(.### ##... ...#
#..........###.<.. ....
##......#....#.)). ..o..
#.....###.......# .....
##....# ###....## ....).
##....## ##.....
......##W.)### ###...
.......#@e## ###.
.......l).# ##.
.........## ##..
........## #... ....#..##
#... .###...# #... #...#
### ### ##.. .
##..####.#####.#######..
.#
##...#...................


You could see a phantom, Duvessa (berserk) and an iguana.

Vanquished Creatures
  Grinder (D:4)
  Eustachio (D:6)
  Menkaure (D:5)
  2 ice beasts (D:6)
  2 ogres
  A centaur (D:5)
  A big kobold (D:4)
  A bullfrog (D:6)
  A scorpion (D:4)
  Dowan (D:6)
  2 orc priests
  A gnoll shaman (D:5)
  An orc wizard (D:4)
  A bullfrog skeleton (D:3)
  A worker ant (D:4)
  2 iguanas (D:5)
  6 adders
  5 gnolls
  A shadow imp (D:5)
  2 oozes
  An adder skeleton (D:6)
  4 worms
  3 dart slugs (D:1)
  3 leopard geckos
  19 orcs
  5 giant cockroaches
  13 goblins
  11 hobgoblins
  5 jackals
  3 quokkas
  3 ball pythons
  8 bats
  4 frilled lizards
  16 kobolds
  4 rats
136 creatures vanquished.

Notes
Turn   | Place    | Note
-------+----------+-------------------------------------------
     0 | D:1      | McKennaii the Minotaur Fighter began the quest for the Orb.
     0 | D:1      | Reached XP level 1. HP: 19/19 MP: 0/0
    18 | D:1      | Reached XP level 2. HP: 27/27 MP: 1/1
   235 | D:1      | Reached skill level 3 in Maces & Flails
   240 | D:1      | Reached XP level 3. HP: 32/33 MP: 2/2
   749 | D:2      | Reached XP level 4. HP: 39/40 MP: 3/3
   909 | D:2      | Found a glowing golden altar of the Shining One.
  1134 | D:3      | Reached skill level 4 in Maces & Flails
  1145 | D:3      | Reached skill level 1 in Dodging
  1145 | D:3      | Reached XP level 5. HP: 44/47 MP: 4/4
  2200 | D:4      | Reached skill level 5 in Maces & Flails
  2220 | D:4      | Reached skill level 5 in Shields
  2220 | D:4      | Reached XP level 6. HP: 46/55 MP: 5/5
  2294 | D:4      | Noticed Grinder
  2294 | D:4      | Paralysed by Grinder for 2 turns
  2312 | D:4      | Killed Grinder
  2312 | D:4      | Reached skill level 5 in Fighting
  2312 | D:4      | Reached skill level 6 in Maces & Flails
  2312 | D:4      | Reached XP level 7. HP: 58/61 MP: 6/6
  2817 | D:5      | Entered Level 5 of the Dungeon
  2848 | D:5      | Noticed Menkaure
  2859 | D:5      | Killed Menkaure
  3166 | D:5      | Reached skill level 5 in Armour
  3197 | D:5      | Found a glowing silver altar of Zin.
  3348 | D:5      | Reached skill level 7 in Maces & Flails
  3498 | D:5      | Found a burning altar of Makhleb.
  3498 | D:5      | Noticed a balrug
  3577 | D:6      | Noticed Eustachio
  3644 | D:5      | Reached XP level 8. HP: 25/69 MP: 7/7
  4003 | D:6      | Killed Eustachio
  4468 | D:6      | Reached skill level 8 in Maces & Flails
  4834 | D:6      | Noticed Dowan
  4835 | D:6      | Noticed Duvessa
  4850 | D:6      | Killed Dowan
  4851 | D:6      | HP: 3/70 [Duvessa/rapier of electrocution (10)]
  4852 | D:6      | Mangled by Duvessa

Skill      XL: |  1  2  3  4  5  6  7  8 |
---------------+-------------------------+-----
Shields        | 4 5 6 7 |  7.9
Fighting       | 4 5 |  5.9
Maces & Flails | 3 4 5 6 7 8 |  8.3
Armour         | 4 5 6 |  6.3
Dodging        | 1 2 |  2.1
Stealth        | |  0.3
Evocations     | |  0.3

Action                   |  1- 3 |  4- 6 |  7- 9 || total
-------------------------+-------+-------+-------++-------
Melee: Flail             |    93 |   151 |   172 ||   416
       Headbutt          |    18 |    28 |    32 ||    78
 Abil: Evoke Flight      |       |     1 |       ||     1
  Use: Potion            |       |     8 |     1 ||     9
       Scroll            |       |     1 |       ||     1
  Eat: Chunk             |       |     5 |     6 ||    11
       Royal jelly       |       |       |     1 ||     1
Armor: Scale mail        |    35 |       |       ||    35
       Chain mail        |       |    67 |    54 ||   121
Dodge: Dodged            |    28 |    35 |    22 ||    85
Block: Shield            |    57 |    18 |       ||    75
       Large shield      |       |   140 |   178 ||   318
